 Dungeon Crawl Stone Soup version 0.32-a0-520-g344ed53f66 (webtiles) character file.

Game seed: 11925345244061307122

27878 IdlyInterested the Severer (level 13, -6/101 HPs)
             Began as a Demonspawn Fighter on Feb 27, 2024.
             Mangled by a green ugly thing (11 damage)
             ... on level 13 of the Dungeon.
             The game lasted 00:47:09 (13709 turns).

IdlyInterested the Severer (Demonspawn Fighter)    Turns: 13709, Time: 00:47:09

Health: -6/101     AC: 14    Str: 22    XL:     13   Next: 6%
Magic:  13/13      EV:  9    Int:  9    God:
Gold:   914        SH: 17    Dex: 24    Spells: 12/12 levels left

rFire   . . .        v - +4 broad axe (flame)
rCold   . . .        h - +0 tower shield
rNeg    . . .        E - +4 ring mail
rPois   .            (helmet restricted)
rElec   .            g - scarf {shadows}
rCorr   .            F - +0 pair of gloves
SInv    +            w - +2 pair of boots
Will    .....        (no amulet)
Stlth   +++++        i - ring of see invisible
HPRegen 0.36/turn    I - +6 ring of dexterity
MPRegen 0.13/turn

%: no passive effects
@: studying 2 skills
A: antennae 2, thin skeletal structure 3, ignite blood 2, powered by death 3
a: no special abilities


You were on level 13 of the Dungeon.
You visited 2 branches of the dungeon, and saw 14 of its levels.

You collected 914 gold pieces.

Inventory:

Hand Weapons
 v - a +4 broad axe of flaming (weapon)
 C - the +0 rapier of Xeromol {drain, rPois Int+3}
   (You found it on level 4 of the Dungeon)

   Int+3:     It affects your intelligence (+3).
   rPois:     It protects you from poison
 L - a +0 broad axe
 M - the +5 Force Lance {heavy, knockback}
   (You found it on level 9 of the Dungeon)
 W - a +2 broad axe of venom
Missiles
 j - 66 stones (quivered)
 n - 22 poisoned darts
 B - a throwing net
 G - 2 curare-tipped darts
 P - 9 boomerangs
 S - 6 javelins
Armour
 g - a scarf of shadows (worn)
 h - a +0 tower shield (worn)
 p - a +1 chain mail of willpower
 r - the +2 robe of Makhleb's Envy {+Blink rF+ Int+3}
   (You found it on level 7 of the Dungeon)

   Int+3:     It affects your intelligence (+3).
   rF+:       It protects you from fire.
   +Blink:    It lets you blink.
 w - a +2 pair of boots (worn)
 E - a +4 ring mail (worn)
 F - a +0 pair of gloves (worn)
 H - a +2 buckler
 Q - a +0 leather armour of cold resistance
 Y - a +1 cloak
Magical Staves
 t - a staff of fire
Jewellery
 c - a ring of resist corrosion
 i - a ring of see invisible (left hand)
 u - a ring of flight
 I - a +6 ring of dexterity (right hand)
Wands
 b - a wand of warping (30)
 m - a wand of paralysis (4)
 D - a wand of flame (36)
Scrolls
 e - a scroll of immolation
 k - 5 scrolls of revelation
 o - 6 scrolls of poison
 q - 8 scrolls of teleportation
 s - 6 scrolls of fear
 y - 3 scrolls of enchant armour
 z - 2 scrolls of amnesia
 A - 4 scrolls of fog
 K - a scroll of torment
 U - a scroll of summoning {unknown}
 Z - a scroll of blinking {unknown}
Potions
 d - 3 potions of might
 l - 2 potions of haste
 x - 2 potions of attraction
 J - a potion of resistance {unknown}
 R - a potion of brilliance {unknown}
 T - a potion of lignification
 V - 2 potions of invisibility


   Skills:
 - Level 9.0 Fighting
 * Level 16.4(16.6) Axes
 - Level 3.4(11.3) Maces & Flails
 - Level 2.0 Throwing
 + Level 6.0 Armour
 - Level 2.0 Dodging
 - Level 2.0 Stealth
 - Level 6.0 Shields
 - Level 2.0 Evocations


You had 12 spell levels left.
You didn't know any spells.
Your spell library contained the following spells:

 Spells                   Type           Power      Damage    Failure   Level
 Apportation              Tloc           0%         N/A       97%         1
 Kiss of Death            Conj/Necr      0%         2d5       97%         1
 Magic Dart               Conj           0%         1d3       97%         1
 Necrotise                Necr           0%         1d4       97%         1
 Shock                    Conj/Air       0%         1d3       97%         1
 Sting                    Conj/Alch      0%         1d3       97%         1
 Summon Small Mammal      Summ           0%         N/A       97%         1
 Blink                    Tloc           0%         N/A       99%         2
 Call Imp                 Summ           0%         N/A       99%         2
 Ensorcelled Hibernation  Hex/Ice        0%         N/A       99%         2
 Mercury Vapours          Alch/Air       0%         N/A       99%         2
 Searing Ray              Conj           0%         2d4       99%         2
 Sublimation of Blood     Necr           0%         N/A       99%         2
 Call Canine Familiar     Summ           0%         N/A       100%        3
 Confusing Touch          Hex            0%         N/A       100%        3
 Dazzling Flash           Conj/Hex       0%         N/A       100%        3
 Fugue of the Fallen      Necr           0%         N/A       100%        3
 Mephitic Cloud           Conj/Alch/Air  0%         N/A       100%        3
 Ozocubu's Armour         Ice            0%         N/A       100%        3
 Sigil of Binding         Hex            0%         N/A       100%        3
 Swiftness                Air            0%         N/A       100%        3
 Tukima's Dance           Hex            0%         N/A       100%        3
 Airstrike                Air            0%         2d(0-16)  100%        4
 Anguish                  Hex/Necr       0%         N/A       100%        4
 Dimensional Bullseye     Hex/Tloc       0%         N/A       100%        4
 Dispel Undead            Necr           0%         3d6       100%        4
 Fulminant Prism          Conj/Alch      0%         3d5       100%        4
 Manifold Assault         Tloc           0%         N/A       100%        4
 Passage of Golubria      Tloc           0%         N/A       100%        4
 Petrify                  Alch/Erth      0%         N/A       100%        4
 Summon Blazeheart Golem  Fire/Summ      0%         N/A       100%        4
 Curse of Agony           Necr           0%         N/A       100%        5
 Freezing Cloud           Conj/Ice/Air   0%         6-21      100%        5
 Irradiate                Conj/Alch      0%         3d11      100%        5
 Silence                  Hex/Air        0%         N/A       100%        5
 Yara's Violent Unravell  Hex/Alch       0%         3d3       100%        5


Dungeon Overview and Level Annotations

Branches:
Dungeon (13/15)            Temple (1/1) D:7            Lair (0/5) D:11
    Orc (0/2) D:10         Vaults (0/5) D:13

Altars:
Ashenzari
Cheibriados
Dithmenos
Fedhas
Gozag
Hepliaklqana
Kikubaaqudgha
Makhleb
Nemelex Xobeh
Okawaru
Qazlal
Ru
Sif Muna
Trog
Uskayaw
Vehumet
Wu Jian
Xom
Yredelemnul


Innate Abilities, Weirdness & Mutations

You have a pair of antennae on your head.
You have an unnaturally thin skeletal structure. (Dex +6, Stealth+++)
Your demonic aura often causes spilled blood to erupt in flames.
You regenerate a lot of health from kills.


Message History

The centaur warrior shoots an arrow.
You block the arrow.
Unknown command.
You feel better. The green ugly thing barely misses you.
The centaur warrior shoots an arrow.
The arrow hits you!
* * * LOW HITPOINT WARNING * * *
You closely miss the green ugly thing.
The green ugly thing is severely wounded.
The centaur warrior shoots an arrow.
The arrow hits you.
* * * LOW HITPOINT WARNING * * *
You block the green ugly thing's attack.
The centaur warrior shoots an arrow.
You block the arrow.
You block the green ugly thing's attack.
You hit the green ugly thing. You burn the green ugly thing.
The green ugly thing is severely wounded.
The centaur warrior shoots an arrow.
You block the arrow. The green ugly thing engulfs you.
* * * LOW HITPOINT WARNING * * *
Unknown command.
The centaur warrior unwields a +0 shortbow.
The centaur warrior hits you but does no damage.
You block the centaur warrior's attack. The centaur warrior hits you!
* * * LOW HITPOINT WARNING * * *
You block the centaur warrior's attack.
The green ugly thing closely misses you.
You hit the centaur warrior. You burn the centaur warrior.
The centaur warrior is lightly wounded.
You barely miss the green ugly thing. The centaur warrior hits you.
* * * LOW HITPOINT WARNING * * *
You block the centaur warrior's attack.
Unknown command.
You completely miss the centaur warrior.
The centaur warrior is lightly wounded.
You hit the green ugly thing. You burn the green ugly thing.
The centaur warrior hits you but does no damage.
You block the centaur warrior's attack.
You block the green ugly thing's attack.
You block the centaur warrior's attack.
The centaur warrior kicks you but does no damage.
The green ugly thing engulfs you!
You die...

### ..#
#########
..#
...$....#
..# +
..>.....#
..# <
........+
..# .#
.....c..#
..###.#
......@u#
..#...
........#
..#.#
........#
....#
........#
..###
........#
###
######'##
#### #.#
...#
###.######
##.####
##.........


You could see a green ugly thing and a centaur warrior.

Vanquished Creatures
  The ghost of Gryn the Fighter, a journeyman AtWr of Okawaru (D:10)
  3 vault guards (D:13)
  A hydra (D:13)
  A boulder beetle (D:11)
  3 two-headed ogres
  3 arcanists (D:13)
  An orange crystal statue (D:12)
  5 ugly things
  Pikel (D:7)
  2 deep elf pyromancers (D:10)
  A necromancer (D:13)
  An orc sorcerer (D:10)
  2 cyclopes
  A meliai (shapeshifter) (D:10)
  Joseph (D:8)
  Maggie (D:8)
  A gargoyle (D:12)
  3 kobold demonologists
  A komodo dragon (D:12)
  A troll (D:12)
  A hornet (D:7)
  3 shadows
  3 slime creatures (D:12)
  18 humans (D:13)
  4 vampires
  14 yaks
  A warg (D:11)
  3 wraiths
  A basilisk (D:13)
  4 steam dragons
  6 vampire mosquitoes
  Menkaure (D:4)
  An acid dragon (D:10)
  5 orc warriors
  An ice beast (D:5)
  A sky beast (D:7)
  A black bear (D:5)
  2 wolves (D:11)
  2 ogres (D:6)
  5 centaurs
  A phantom (D:5)
  3 kobold brigands
  A lemure (D:7)
  A gnoll sergeant (D:8)
  4 scorpions
  5 bullfrogs
  3 jellies
  4 wights (D:6)
  6 killer bees (D:7)
  3 bombardier beetles
  3 howler monkeys
  15 orc priests
  3 iguanas
  18 orc wizards
  Ijyb (D:4)
  Robin (D:2)
  22 gnolls
  9 adders
  A shadow imp (D:5)
  A ribbon worm (D:3)
  57 orcs
  4 bats
  6 endoplasms
  4 giant cockroaches
  15 goblins
  13 hobgoblins
  8 jackals
  6 quokkas
  9 ball pythons
  2 frilled lizards
  21 kobolds
  4 rats
365 creatures vanquished.

Notes
Turn   | Place    | Note
-------+----------+-------------------------------------------
     0 | D:1      | IdlyInterested the Demonspawn Fighter began the quest for
                  | the Orb.
     0 | D:1      | Reached XP level 1. HP: 18/18 MP: 1/1
   203 | D:1      | Gained mutation: Your demonic aura sometimes causes spilled
                  | blood to erupt in flames. [demonic ancestry]
   203 | D:1      | Reached XP level 2. HP: 18/24 MP: 2/2
   501 | D:1      | Reached skill level 1 in Throwing
   582 | D:1      | Gained mutation: Your demonic aura often causes spilled
                  | blood to erupt in flames. [demonic ancestry]
   582 | D:1      | Reached XP level 3. HP: 29/29 MP: 3/3
  1565 | D:2      | Noticed Robin
  1567 | D:2      | Killed Robin
  1568 | D:2      | Reached skill level 1 in Dodging
  1595 | D:2      | Reached XP level 4. HP: 34/35 MP: 4/4
  1849 | D:2      | Found a faded altar of an unknown god.
  2056 | D:2      | Reached skill level 1 in Stealth
  2547 | D:3      | Found a blossoming altar of Fedhas.
  2617 | D:3      | Found a shimmering blue altar of Sif Muna.
  3146 | D:3      | Noticed a scorpion
  3151 | D:3      | Killed a scorpion
  3152 | D:3      | Reached skill level 2 in Axes
  3152 | D:3      | Reached skill level 1 in Evocations
  3152 | D:3      | Reached XP level 5. HP: 41/41 MP: 5/5
  3598 | D:4      | Noticed Ijyb
  3605 | D:4      | Killed Ijyb
  3664 | D:4      | HP: 2/41 [burnt (3)]
  3887 | D:4      | Reached skill level 3 in Axes
  3887 | D:4      | Gained mutation: You regenerate a little health from kills.
                  | [demonic ancestry]
  3887 | D:4      | Reached XP level 6. HP: 21/47 MP: 6/6
  4169 | D:4      | Reached skill level 4 in Axes
  4471 | D:4      | Reached skill level 5 in Axes
  4471 | D:4      | Gained mutation: You regenerate health from kills. [demonic
                  | ancestry]
  4471 | D:4      | Reached XP level 7. HP: 51/52 MP: 7/7
  4768 | D:4      | Identified the +0 rapier of Xeromol {drain, rPois Int+3}
  4815 | D:4      | You are sucked into a shaft and drop 2 floors!
  4919 | D:6      | Found an iron altar of Okawaru.
  5114 | D:6      | Reached skill level 6 in Axes
  5133 | D:5      | Entered Level 5 of the Dungeon
  5158 | D:4      | Noticed Menkaure
  5162 | D:4      | Killed Menkaure
  5163 | D:4      | Gained mutation: You have a pair of small antennae on your
                  | head. [demonic ancestry]
  5163 | D:4      | Reached XP level 8. HP: 60/60 MP: 8/8
  5352 | D:5      | Found a transporter.
  5370 | D:5      | Found a transporter.
  5584 | D:5      | Reached skill level 7 in Axes
  5606 | D:5      | Found a stormy altar of Qazlal.
  5614 | D:5      | Found a basalt altar of Yredelemnul.
  6241 | D:6      | Reached skill level 8 in Axes
  6334 | D:6      | Gained mutation: You have a pair of antennae on your head.
                  | [demonic ancestry]
  6334 | D:6      | Reached XP level 9. HP: 65/67 MP: 9/9
  6437 | D:6      | Reached skill level 5 in Fighting
  6615 | D:7      | Paralysed by a hornet for 2 turns
  6796 | D:7      | Noticed Pikel
  6808 | D:7      | Killed Pikel
  6809 | D:7      | Reached skill level 9 in Axes
  7043 | D:7      | Found a hide-covered altar of Uskayaw.
  7065 | D:7      | Identified the +2 robe of Makhleb's Envy {+Blink rF+ Int+3}
  7088 | D:7      | Found a staircase to the Ecumenical Temple.
  7101 | Temple   | Found a transporter.
  7101 | Temple   | Found a transporter.
  7101 | Temple   | Found a transporter.
  7101 | Temple   | Found a transporter.
  7101 | Temple   | Entered the Ecumenical Temple
  7470 | D:7      | Reached skill level 10 in Axes
  7712 | D:8      | Reached skill level 5 in Armour
  7947 | D:8      | Noticed Joseph
  7954 | D:8      | Killed Joseph
  7955 | D:8      | Gained mutation: You have a somewhat thin skeletal
                  | structure. (Dex +2, Stealth+) [demonic ancestry]
  7955 | D:8      | Reached XP level 10. HP: 54/76 MP: 10/10
  8085 | D:8      | Noticed Maggie
  8093 | D:8      | Killed Maggie
  8353 | D:8      | Noticed a two-headed ogre
  8358 | D:8      | Killed a two-headed ogre
  8359 | D:8      | Reached skill level 11 in Axes
  9054 | D:9      | Found a sacrificial altar of Ru.
  9526 | D:9      | Reached skill level 5 in Shields
  9576 | D:9      | Found the +5 Force Lance {heavy, knockback}
  9733 | D:10     | Entered Level 10 of the Dungeon
  9784 | D:10     | Reached skill level 12 in Axes
  9908 | D:10     | Gained mutation: You have a moderately thin skeletal
                  | structure. (Dex +4, Stealth++) [demonic ancestry]
  9908 | D:10     | Reached XP level 11. HP: 47/81 MP: 11/11
  9977 | D:10     | Noticed a deep elf pyromancer
  9979 | D:10     | Noticed a deep elf pyromancer
  9980 | D:10     | Killed a deep elf pyromancer
  9986 | D:10     | Killed a deep elf pyromancer
 10204 | D:10     | Found a staircase to the Orcish Mines.
 10347 | D:10     | Found a radiant altar of Vehumet.
 10508 | D:10     | Noticed a two-headed ogre
 10514 | D:10     | Killed a two-headed ogre
 10515 | D:10     | Reached skill level 13 in Axes
 10770 | D:10     | Found a runed translucent gate.
 10771 | D:10     | Found a runed translucent gate.
 10772 | D:10     | Found an opulent altar of Gozag.
 10772 | D:10     | Found a runed translucent gate.
 10772 | D:10     | Noticed a fire crab
 10774 | D:10     | Noticed an orc sorcerer
 10774 | D:10     | Noticed Gryn's ghost (journeyman AtWr)
 10993 | D:10     | Killed an orc sorcerer
 11007 | D:10     | Killed Gryn's ghost
 11080 | D:11     | Noticed a red ugly thing
 11087 | D:11     | Killed a red ugly thing
 11098 | D:11     | Reached skill level 14 in Axes
 11183 | D:11     | Found a staircase to the Lair.
 11314 | D:11     | Noticed a boulder beetle
 11328 | D:11     | Killed a boulder beetle
 11556 | D:11     | Found an ancient bone altar of Kikubaaqudgha.
 11728 | D:12     | Noticed a green ugly thing
 11731 | D:12     | Killed a green ugly thing
 11769 | D:12     | Gained mutation: You have an unnaturally thin skeletal
                  | structure. (Dex +6, Stealth+++) [demonic ancestry]
 11769 | D:12     | Reached XP level 12. HP: 82/89 MP: 12/12
 11965 | D:12     | Found a sparkling altar of Nemelex Xobeh.
 12187 | D:12     | Noticed a two-headed ogre
 12192 | D:12     | Reached skill level 15 in Axes
 12899 | D:12     | Noticed a two-headed ogre
 12906 | D:12     | Killed a two-headed ogre
 13082 | D:13     | Found a gate to the Vaults.
 13082 | D:13     | Noticed a vault guard
 13082 | D:13     | Noticed a vault guard
 13082 | D:13     | Noticed a vault guard
 13112 | D:13     | Killed a vault guard
 13113 | D:13     | Reached skill level 16 in Axes
 13142 | D:13     | Killed a vault guard
 13153 | D:13     | Killed a vault guard
 13296 | D:13     | Gained mutation: You regenerate a lot of health from kills.
                  | [demonic ancestry]
 13296 | D:13     | Reached XP level 13. HP: 100/100 MP: 13/13
 13708 | D:13     | HP: 5/101 [centaur warrior (4)]
 13709 | D:13     | Mangled by a green ugly thing

Illustrated notes

Levels and vault maps discovered:
D:1:      evilmike_arrival_hilbert_curve, layout_loops_cross
D:2:      layout_loops_corners, shapermc_ecumenical_altar_venn, uniq_robin
D:3:      layout_basic, mainiacjoe_overflow_cross_hatched,
          mainiacjoe_overflow_catwalk, minmay_goblin_kobold_house
D:4:      minmay_chambers_of_fours, layout_gridville, uniq_ijyb, uniq_menkaure
D:5:      layout_loops_ring, gammafunk_temple_overflow_arena,
          grunt_temple_overflow_open
D:6:      layout_basic, okawaru_altar_gauntlet_db
D:7:      layout_rooms, mainiacjoe_overflow_surrounded_room,
          minmay_temple_entry_large_hall, uniq_pikel
D:8:      layout_gridville, uniq_maggie, uniq_joseph
D:9:      layout_small_grid, lemuel_crystal_altar
D:10:     layout_irregular_city, vehumet_altar_wand_db, hiddenorc2_lemuel,
          ebering_ghost_gozag, corexii_leaking_fountain,
          serial_library_hellmonk_metal_room
D:11:     layout_long_grid, erik_lair_orcish_takeover,
          nicolae_kikubaaqudgha_miasma_corner
D:12:     layout_long_grid, minivault_16, nemelex_diamond_rough_becter
D:13:     layout_roguey, grunt_vaults_entry_tiered, kennysheep_generic_room_12
Temple:   hellmonk_temple_divided_pantheon

Skill      XL: |  1  2  3  4  5  6  7  8  9 10 11 12 13 |
---------------+----------------------------------------+-----
Maces & Flails | 2 3 |  3.4
Armour         | 3 4 5 6 |  6.0
Throwing       | 1 2 |  2.0
Dodging        | 1 2 |  2.0
Stealth        | 1 2 |  2.0
Axes           | 2 3 5 6 8 10 12 14 16 | 16.4
Evocations     | 1 2 |  2.0
Shields        | 3 4 5 6 |  6.0
Fighting       | 4 6 8 9 |  9.0

Action                     |  1- 3 |  4- 6 |  7- 9 | 10-12 | 13-15 || total
---------------------------+-------+-------+-------+-------+-------++-------
  Melee: Flail             |   128 |    56 |       |       |       ||   184
         Broad axe         |       |   123 |   264 |   399 |    25 ||   811
  Throw: Stone             |       |       |    11 |    21 |       ||    32
         Dart              |       |       |       |     4 |       ||     4
         Boomerang         |       |       |       |     1 |       ||     1
    Use: Potion            |     1 |     1 |     6 |     5 |     3 ||    16
         Scroll            |       |     4 |     6 |     4 |     1 ||    15
   Stab: Sleeping          |       |       |       |    12 |     2 ||    14
 Armour: Ring mail         |   109 |   104 |   202 |   209 |    29 ||   653
         Chain mail        |       |    34 |    33 |       |       ||    67
  Dodge: Dodged            |    67 |   103 |    87 |    99 |     5 ||   361
         Repelled          |       |     1 |       |     3 |       ||     4
  Block: Buckler           |    37 |    44 |    18 |     7 |       ||   106
         Tower shield      |       |       |   214 |   251 |    32 ||   497

Table legend: (Time is in decaauts)
 A = Elapsed time spent in this place.
 B = Non-inter-level travel time spent in this place.
 C = Inter-level travel time spent in this place.
 D = Time resting spent in this place.
 E = Time spent auto-exploring this place.
 F = Levels seen in this place.
 G = Mean time per level.
                   A        B        C        D        E       F      G
               +--------+--------+--------+--------+--------+-----+--------+
         Total |  13977 |  12772 |   1205 |   1944 |   7548 |  14 |  998.4 |
       Dungeon |  13949 |  12758 |   1191 |   1944 |   7548 |  13 | 1073.0 |
        Temple |     27 |     13 |     14 |      0 |      0 |   1 |   27.0 |
               +--------+--------+--------+--------+--------+-----+--------+

Top non-repeatable levels by time:
     D:4: 1402 daAuts
    D:10: 1401 daAuts
     D:1: 1292 daAuts
     D:8: 1281 daAuts
     D:3: 1266 daAuts
    D:12: 1254 daAuts
     D:2: 1196 daAuts
     D:7: 978 daAuts
     D:9: 944 daAuts
     D:6: 869 daAuts
     D:5: 735 daAuts
    D:13: 729 daAuts
    D:11: 597 daAuts
  Temple: 27 daAuts
